 Dungeon Crawl Stone Soup version 0.27.1-1-g398f81649c (webtiles) character file.

Game seed: 8955397283672509493

462 Metae the Covered (level 6, -1/56 HPs)
             Began as a Minotaur Fighter on Sept 10, 2021.
             Was an Initiate of Trog.
             Slain by a sky beast (6 damage)
             ... on level 5 of the Dungeon.
             The game lasted 00:08:35 (3872 turns).

Metae the Covered (Minotaur Fighter)                Turns: 3872, Time: 00:08:36

Health: -1/56      AC:  7    Str: 22    XL:     6   Next: 79%
Magic:  5/5        EV:  8    Int:  5    God:    Trog [......]
Gold:   118        SH: 10    Dex: 10    Spells: 5/5 levels left

rFire    . . .     SeeInvis .   a - +0 trident
rCold    . . .     Faith    .   c - +0 kite shield
rNeg     . . .     Spirit   .   p - +0 scale mail
rPois    .         Reflect  .   (helmet restricted)
rElec    .         Harm     .   (no cloak)
rCorr    .         Rampage  .   (no gloves)
Will     +....                  (no boots)
Stlth    ..........             (no amulet)
HPRegen  0.18/turn              k - ring of willpower
MPRegen  0.09/turn              (no ring)

@: no status effects
A: horns 2, retaliatory headbutt
a: Renounce Religion


You were on level 5 of the Dungeon.
You worshipped Trog.
Trog was noncommittal.
You visited 2 branches of the dungeon, and saw 6 of its levels.

You collected 118 gold pieces.

Inventory:

Hand Weapons
 a - a +0 trident (weapon)
 b - a +0 hunting sling
Missiles
 o - 29 sling bullets
Armour
 c - a +0 kite shield (worn)
 l - a +0 chain mail
 p - a +0 scale mail (worn)
Jewellery
 k - a ring of willpower (left hand)
Wands
 n - a wand of acid (9)
 r - a wand of flame (19)
Scrolls
 e - 2 scrolls of fear {unknown}
 f - a scroll of fog {unknown}
 g - a scroll of noise {unknown}
 i - 2 scrolls of teleportation {unknown}
 m - 3 scrolls of identify
 q - a scroll of torment {unknown}
 s - a scroll of blinking {unknown}
 u - a scroll of enchant armour {unknown}
Potions
 d - a potion of might
 h - 2 potions of attraction
 j - a potion of brilliance {unknown}
 t - a potion of curing {unknown}


   Skills:
 + Level 5.5 Fighting
 + Level 4.8 Polearms
 + Level 5.6 Armour
 + Level 5.5 Shields


You had 5 spell levels left.
You didn't know any spells.
Your spell library contained the following spells:

 Spells                   Type           Power      Damage    Failure   Level
 Sandblast                Erth           0%         2d4       99%         1
 Passwall                 Tmut/Erth      0%         N/A       100%        2
 Ozocubu's Armour         Ice            0%         N/A       100%        3
 Portal Projectile        Hex/Tloc       0%         N/A       100%        3
 Tukima's Dance           Hex            0%         N/A       100%        3
 Passage of Golubria      Tloc           N/A        N/A       100%        4
 Blade Hands              Tmut           0%         N/A       100%        5
 Excruciating Wounds      Necr           0%         N/A       100%        5
 Lee's Rapid Deconstruct  Erth           0%         3d5*      100%        5
 Metabolic Englaciation   Hex/Ice        0%         N/A       100%        5
 Yara's Violent Unravell  Hex/Tmut       0%         3d3       100%        5
 Simulacrum               Ice/Necr       0%         N/A       100%        6


Dungeon Overview and Level Annotations

Branches:
Dungeon (5/15)             Temple (1/1) D:4

Altars:
Cheibriados
Elyvilon
Fedhas
Gozag
Kikubaaqudgha
Nemelex Xobeh
Trog
Uskayaw
Vehumet
Yredelemnul
Zin


Innate Abilities, Weirdness & Mutations

You have a pair of horns on your head.
You reflexively headbutt those who attack you in melee.


Message History

The sky beast hits you. The sky beast shocks you.
The sky beast barely misses you.
You puncture the sky beast! Your headbutt misses the sky beast.
The sky beast is moderately wounded.
The sky beast hits you but does no damage.
You closely miss the sky beast. You headbutt the sky beast!
The sky beast is severely wounded.
The sky beast misses you. You furiously retaliate!
You headbutt the sky beast!
Your shield prevents you from hitting the sky beast.
The sky beast is almost dead.
You block the sky beast's attack.
You barely miss the sky beast.
The sky beast is almost dead.
The sky beast hits you. The sky beast shocks you.
The sky beast flickers out of sight!
Deactivating autopickup; reactivate with Ctrl-A.
Something hits you. Something shocks you.
A sky beast appears from thin air!
Reactivating autopickup.
You block the sky beast's attack.
The sky beast flickers out of sight!
Deactivating autopickup; reactivate with Ctrl-A.
Something hits you but does no damage.
You start resting.
Something hits you. Something shocks you.
You start resting.
You block something's attack.
You start resting.
Something hits you. Something shocks you.
There is a strange disturbance nearby!
There is a strange disturbance nearby!
You miss something. Something hits you but does no damage.
You miss something. You headbutt something. Something hits you.
Something shocks you.
You miss something. Something hits you.
* * * LOW HITPOINT WARNING * * *
Something shocks you.
* * * LOW HITPOINT WARNING * * *
You closely miss something. Something hits you but does no damage.
Something hits you.
* * * LOW HITPOINT WARNING * * *
Something shocks you.
You die...

#+# ##.#
##..######
##..≈.....#
+...8≈..<.#
##..(.{@..#
##..######
##.# #+#


There were no monsters in sight!

Vanquished Creatures
  An ogre (D:3)
  A necrophage (D:4)
  A scorpion (D:4)
  A wyvern skeleton (D:5)
  A centaur skeleton (D:4)
  Natasha (twice) (D:3)
  4 adders
  A worm (D:2)
  A dart slug (D:3)
  4 orcs (D:3)
  3 endoplasms
  2 giant cockroaches
  6 goblins
  7 hobgoblins
  8 ball pythons
  6 bats
  2 frilled lizards (D:1)
  4 kobolds
  3 rats
58 creatures vanquished.

Notes
Turn   | Place    | Note
-------+----------+-------------------------------------------
     0 | D:1      | Metae the Minotaur Fighter began the quest for the Orb.
     0 | D:1      | Reached XP level 1. HP: 19/19 MP: 0/0
   356 | D:1      | Reached XP level 2. HP: 27/27 MP: 1/1
  1323 | D:2      | Reached XP level 3. HP: 27/33 MP: 2/2
  2252 | D:3      | Found a faded altar of an unknown god.
  2475 | D:3      | Noticed Natasha
  2481 | D:3      | Killed Natasha
  2482 | D:3      | Reached XP level 4. HP: 39/41 MP: 3/3
  2786 | D:3      | Noticed Natasha
  2797 | D:3      | Killed Natasha
  2953 | D:3      | Noticed an ogre
  2959 | D:3      | Killed an ogre
  2960 | D:3      | Reached skill level 5 in Armour
  2960 | D:3      | Reached XP level 5. HP: 26/47 MP: 4/4
  3238 | D:4      | Reached skill level 5 in Fighting
  3238 | D:4      | Reached skill level 5 in Shields
  3285 | D:4      | Noticed a necrophage
  3299 | D:4      | Killed a necrophage
  3300 | D:4      | Reached XP level 6. HP: 52/56 MP: 5/5
  3302 | D:4      | Found a basalt altar of Yredelemnul.
  3322 | D:4      | Found a snail-covered altar of Cheibriados.
  3394 | D:4      | Found a staircase to the Ecumenical Temple.
  3414 | Temple   | Entered the Ecumenical Temple
  3587 | Temple   | Became a worshipper of Trog the Wrathful
  3846 | D:5      | Entered Level 5 of the Dungeon
  3854 | D:5      | Noticed a sky beast
  3872 | D:5      | Slain by a sky beast

Illustrated notes

Levels and vault maps discovered:
D:1:      kilobyte_arrival_exit_the_forest, layout_loops_cross,
          kennysheep_small_spiral
D:2:      layout_loops_corners
D:3:      layout_basic, hellmonk_ecumenical_altar_lost_god, uniq_natasha
D:4:      layout_rooms, mainiacjoe_overflow_brackets, yredelemnul_altar_generic,
          minmay_temple_entry_nine_rooms
D:5:      layout_cave_pools, okawaru_metal_pillars_1_2, serial_shops,
          nicolae_square_shop, grunt_ministairs_14
Temple:   compressed_dpeg_triangle_lava_temple

Skill      XL: |  1  2  3  4  5 |
---------------+----------------+-----
Armour         | 4 5 |  5.6
Shields        | 4 5 |  5.5
Fighting       | 4 5 |  5.5
Polearms       | 3 4 |  4.8

Action                   |  1- 3 |  4- 6 || total
-------------------------+-------+-------++-------
Melee: Trident           |   123 |    70 ||   193
       Headbutt          |    17 |    15 ||    32
 Fire: Hunting sling     |       |     3 ||     3
Evoke: Wand              |       |     1 ||     1
  Use: Scroll            |     1 |     1 ||     2
Armor: Scale mail        |    44 |    21 ||    65
Dodge: Dodged            |    30 |    19 ||    49
Block: Kite shield       |    60 |    29 ||    89
